 Dungeon Crawl Stone Soup version 0.20-a0-1124-g2e29d97 (webtiles) character file.

158 Goblin1989 the Covert (level 5, -2/25 HPs)
             Began as a Spriggan Assassin on May 15, 2017.
             Was an Initiate of Ashenzari.
             Slain by an orc wizard
             ... wielding a +0 dagger
              (4 damage)
             ... on level 11 of the Dungeon.
             The game lasted 00:07:14 (820 turns).

Goblin1989 the Covert (Spriggan Assassin)            Turns: 820, Time: 00:07:15

Health: -2/25      AC:  3    Str:  7    XL:     5   Next: 16%
Magic:  6/6        EV: 17    Int: 12    God:    Ashenzari [......]
Gold:   82         SH:  0    Dex: 19    Spells: 4/4 levels left

rFire    . . .     SeeInvis +   a - +2 dagger (curse)
rCold    . . .     Gourm    .   (shield restricted)
rNeg     . . .     Faith    .   c - +0 robe
rPois    .         Spirit   .   (helmet restricted)
rElec    .         Reflect  .   d - +0 cloak
rCorr    .         Harm     .   (gloves unavailable)
MR       .....                  (boots unavailable)
Stlth    +++++.....             (no amulet)
Regen    0.1/turn               (no ring)
MPRegen  0.1/turn               (no ring)

@: very quick
A: unfitting armour, see invisible, herbivore 3, speed 3, slow metabolism 2
a: Curse Item, Renounce Religion


You were on level 11 of the Dungeon.
You worshipped Ashenzari.
Ashenzari was noncommittal.
You were not hungry.

You visited 2 branches of the dungeon, and saw 12 of its levels.

You collected 82 gold pieces.

Inventory:

Hand Weapons
 a - a cursed +2 dagger (weapon)
 j - a +0 club
 n - a +0 whip
 s - a +0 whip
 w - a +0 blowgun {@w1}
 x - a +0 dagger
Missiles
 g - 8 poisoned needles
 i - 57 stones (quivered)
 m - 18 arrows
 p - 2 curare-tipped needles
Armour
 c - a +0 robe (worn)
 d - a +0 cloak (worn)
 k - a +0 pair of boots
 r - a +0 leather armour
Jewellery
 f - an uncursed ring of protection from fire
 y - an uncursed amulet of guardian spirit
Scrolls
 b - 4 scrolls of identify {unknown}
 h - a scroll of fear {unknown}
 l - a scroll of teleportation {unknown}
 o - 2 scrolls of remove curse {@r2}
 q - a scroll of magic mapping {unknown}
 u - a scroll of amnesia {unknown}
 v - a scroll of vulnerability {unknown}
Comestibles
 e - 2 bread rations {@e1}
 t - 3 fruits


   Skills:
 - Level 1.5 Fighting
 - Level 2.1 Short Blades
 - Level 2.0 Throwing
 - Level 1.5 Dodging
 + Level 9.8 Stealth


You had 4 spell levels left.
You didn't know any spells.

Dungeon Overview and Level Annotations

Branches:
Dungeon (11/15)            Temple (1/1) D:5
   Lair: D:8-11         Orc: D:9-12

Altars:
Ashenzari
Cheibriados
Elyvilon
Fedhas
Nemelex Xobeh
Okawaru
Qazlal
Ru
Trog
Wu Jian
Xom

Annotations:
D:5 exclusion: centaur
D:8 Erica


Innate Abilities, Weirdness & Mutations

You are very small and have problems with some larger weapons.
You are too small for most types of armour.
You have supernaturally acute eyesight. (SInv)
You are a herbivore.
You cover ground extremely quickly.
You need consume almost no food.


Message History

There is a stone staircase leading down here.
You climb downwards.
There is a stone staircase leading up here.
A bullfrog comes into view.
The bullfrog gives a loud, deep croak!
A centaur warrior skeleton comes into view.
The centaur warrior skeleton moves out of view.
The bullfrog barely misses you.
Found a stone staircase leading down.
The bullfrog misses you.
An ettin comes into view.
It is wielding a dire flail and a great mace.
The bullfrog closely misses you.
There is a stone staircase leading down here.
You hit the bullfrog.
The bullfrog is lightly wounded.
The bullfrog barely misses you.
You hit the bullfrog.
The bullfrog is lightly wounded.
The bullfrog hits you!
You take 8 damage, and have 14/22 hp.
MASSIVE DAMAGE!!
You barely miss the bullfrog.
The bullfrog is lightly wounded.
The bullfrog closely misses you. The bullfrog misses you.
You hit the bullfrog.
The bullfrog is moderately wounded.
The bullfrog hits you.
You take 2 damage, and have 12/22 hp.
You hit the bullfrog.
The bullfrog is moderately wounded.
The bullfrog hits you.
* * * LOW HITPOINT WARNING * * *
You take 4 damage, and have 8/22 hp.
You barely miss the bullfrog.
The bullfrog is moderately wounded.
The bullfrog closely misses you. x2
You hit the bullfrog.
The bullfrog is heavily wounded.
The bullfrog hits you.
* * * LOW HITPOINT WARNING * * *
You take 2 damage, and have 6/22 hp.
You hit the bullfrog.
The bullfrog is severely wounded.
The bullfrog barely misses you.
The ettin shouts in stereo!
You hit the bullfrog but do no damage.
The bullfrog is severely wounded.
The bullfrog hits you.
* * * LOW HITPOINT WARNING * * *
The bullfrog barely misses you.
You take 2 damage, and have 4/22 hp.
You hit the bullfrog.
The bullfrog is severely wounded.
The bullfrog closely misses you.
You hit the bullfrog.
The bullfrog is almost dead.
The bullfrog barely misses you. x2
You barely miss the bullfrog.
The bullfrog is almost dead.
The bullfrog closely misses you.
You hit the bullfrog.
The bullfrog is almost dead.
The bullfrog closely misses you.
Unknown command.
You hit the bullfrog.
You kill the bullfrog!
Your Stealth skill increases to level 9!
You have reached level 5!
You feel agile.
MP restored: 6 You see here an uncursed amulet of guardian spirit.
y - an uncursed amulet of guardian spirit You see here 22 gold pieces.
You now have 82 gold pieces (gained 22).
An orc priest comes into view. It is wielding a mace.
An orc priest comes into view. It is wielding a club.
The orc priest shouts!
An orc wizard comes into view. It is wielding a dagger.
An orc and a shadow come into view.
An orc comes into view. It is wielding a trident.
The shadow slips into darkness.
The shadow flickers and vanishes for a moment.
The orc priest begins to cast a cantrip, but forgets the words! 2 orcs and an orc wizard come into view.
The orc priest closely misses you.
The orc shouts!
The orc wizard shouts!
Found a stone staircase leading down.
The orc shouts! x3; The orc priest shouts!
You hit the orc wizard.
The orc wizard is moderately wounded.
The orc priest calls upon Beogh to heal the orc wizard.
The orc wizard's wounds heal themselves!
The orc moves out of view.
The orc barely misses you. The orc wizard hits you with a dagger.
* * * LOW HITPOINT WARNING * * *
The orc misses you.
The orc priest looks satisfied for a moment.
You take 5 damage, and have 1/25 hp.
An orc comes into view.
The orc priest barely misses you. The orc wizard hits you with a dagger.
You die... ████████████

██..(.....?..
█████............
█................
█................
█.....o..o.......
█.......o@.......
█████████████...oW......
....C..........o......>.
.................o...█.█
██████████████████...█ █


oo... ..██.█ .o. .█ .█ You could see a shadow (invisible), 2 orc priests, 2 orc
wizards and 5 orcs.

Vanquished Creatures
  A sky beast (D:5)
  A bullfrog (D:11)
  A quokka (D:10)
  A butterfly (D:5)
4 creatures vanquished.

Notes
Turn   | Place    | Note
-------+----------+-------------------------------------------
     0 | D:1      | Goblin1989 the Spriggan Assassin began the quest for the Orb.
     0 | D:1      | Reached XP level 1. HP: 10/10 MP: 2/2
    79 | D:5      | Entered Level 5 of the Dungeon
   154 | D:5      | Noticed a sky beast
   156 | D:5      | Killed a sky beast
   156 | D:5      | Reached skill level 8 in Stealth
   156 | D:5      | Reached XP level 2. HP: 14/14 MP: 3/3
   156 | D:5      | Reached XP level 3. HP: 18/18 MP: 4/4
   156 | D:5      | Reached XP level 4. HP: 22/22 MP: 5/5
   210 | D:5      | Noticed a centaur
   250 | D:5      | Found a staircase to the Ecumenical Temple.
   260 | Temple   | Entered the Ecumenical Temple
   310 | Temple   | Became a worshipper of Ashenzari the Shackled
   427 | D:6      | Noticed a necrophage
   574 | D:6      | You fall through a shaft for 2 floors!
   574 | D:8      | Noticed Erica
   595 | D:10     | Entered Level 10 of the Dungeon
   686 | D:10     | Noticed a centaur
   721 | D:10     | Noticed a troll
   771 | D:11     | Noticed a bullfrog
   775 | D:11     | Noticed a centaur warrior skeleton
   777 | D:11     | Noticed an ettin
   792 | D:11     | Killed a bullfrog
   792 | D:11     | Reached skill level 9 in Stealth
   792 | D:11     | Reached XP level 5. HP: 5/25 MP: 6/6
   815 | D:11     | Noticed a shadow
   819 | D:11     | HP: 1/25 [orc wizard/dagger (5)]
   820 | D:11     | Slain by an orc wizard

Vault maps used:
D:1:      lemuel_arrival_river_passageway
D:2:      wad_crossroads, chequers_ecumenical_altar_island, uniq_natasha
D:3:      first_bread, uniq_grinder
D:4:      minmay_door_square, lemuel_blue_sif_altar
D:5:      minmay_overflow_temple_star_quad, minmay_temple_entry_butterflies
D:6:      serial_shops, shop_fountains, minivault_11
D:7:      vehumet_crystals, kennysheep_small_circle, uniq_crazy_yiuf_cottage
D:8:      lemuel_coloured_pillars_altar, serial_bayou, serial_bayou_pond_e,
          serial_bayou_lagoon_b, serial_bayou_lagoon_a, serial_bayou_shore_b,
          serial_bayou_pond_d, serial_bayou_pond_a, minivault_24, uniq_erica
D:9:      nicolae_dithmenos_through_a_glass_darkly,
          nicolae_overflow_crystal_walls, dpeg_oklobed_lair, basic_altar,
          enter_bailey_7
D:10:     serial_ice, serial_ice_l, serial_ice_a, serial_ice_e, serial_ice_m
D:11:     giant_chief_lemuel
Temple:   regret_index_temple_waves

Skill      XL: |  1  2  3  4 |
---------------+-------------+-----
Stealth        | 8 9 |  9.8
Fighting       | |  1.5
Short Blades   | |  2.1
Throwing       | |  2.0
Dodging        | |  1.5

Action                   |  1- 3 |  4- 6 || total
-------------------------+-------+-------++-------
Melee: Dagger            |     1 |    19 ||    20
Invok: Curse Item        |       |     1 ||     1
 Stab: Sleeping          |     1 |     1 ||     2
Dodge: Dodged            |     3 |    24 ||    27

Vault maps used:
D:1:      lemuel_arrival_river_passageway
D:2:      wad_crossroads, chequers_ecumenical_altar_island, uniq_natasha
D:3:      first_bread, uniq_grinder
D:4:      minmay_door_square, lemuel_blue_sif_altar
D:5:      minmay_overflow_temple_star_quad, minmay_temple_entry_butterflies
D:6:      serial_shops, shop_fountains, minivault_11
D:7:      vehumet_crystals, kennysheep_small_circle, uniq_crazy_yiuf_cottage
D:8:      lemuel_coloured_pillars_altar, serial_bayou, serial_bayou_pond_e,
          serial_bayou_lagoon_b, serial_bayou_lagoon_a, serial_bayou_shore_b,
          serial_bayou_pond_d, serial_bayou_pond_a, minivault_24, uniq_erica
D:9:      nicolae_dithmenos_through_a_glass_darkly,
          nicolae_overflow_crystal_walls, dpeg_oklobed_lair, basic_altar,
          enter_bailey_7
D:10:     serial_ice, serial_ice_l, serial_ice_a, serial_ice_e, serial_ice_m
D:11:     giant_chief_lemuel
Temple:   regret_index_temple_waves
